 Dungeon Crawl Stone Soup version 0.25.0-15-gac7dcb8919 (webtiles) character file.

Game seed: 5709756906977751062

473 sking99 the Chopper (level 6, -3/49 HPs)
             Began as a Demonspawn Fighter on June 28, 2020.
             Slain by an ogre
             ... wielding a +0 giant club
              (6 damage)
             ... on level 4 of the Dungeon.
             The game lasted 00:08:46 (3577 turns).

sking99 the Chopper (Demonspawn Fighter)            Turns: 3577, Time: 00:08:47

Health: -3/49      AC: 11    Str: 19    XL:     6   Next: 84%
Magic:  6/6        EV:  4    Int:  9    God:
Gold:   148        SH:  9    Dex: 12    Spells: 5/5 levels left

rFire    . . .     SeeInvis .   a - +0 war axe
rCold    . . .     Gourm    .   c - +0 kite shield
rNeg     . . .     Faith    .   i - +0 plate armour
rPois    .         Spirit   .   (helmet restricted)
rElec    .         Reflect  .   (no cloak)
rCorr    .         Harm     .   (no gloves)
MR       .....                  (no boots)
Stlth    ..........             (no amulet)
HPRegen  0.16/turn              (no ring)
MPRegen  0.10/turn              (no ring)

@: no status effects
A: horns 1, powered by pain 1, sturdy frame 1
a: no special abilities


You were on level 4 of the Dungeon.
You were not hungry.

You visited 1 branch of the dungeon, and saw 4 of its levels.
You also visited: Sewer.

You collected 148 gold pieces.

Inventory:

Hand Weapons
 a - a +0 war axe (weapon)
Missiles
 o - a throwing net (quivered)
Armour
 c - a +0 kite shield (worn)
 i - a +0 plate armour (worn)
Jewellery
 j - an uncursed ring of poison resistance {unknown}
 q - a +6 ring of dexterity {unknown}
 w - an uncursed ring of positive energy {unknown}
Wands
 s - a wand of iceblast (10)
Scrolls
 b - 5 scrolls of remove curse
 e - a scroll of teleportation
 h - 3 scrolls of identify
 p - a scroll of blinking {unknown}
Potions
 d - 4 potions of might
 g - 2 potions of heal wounds
 k - 2 potions of magic {unknown}
 l - a potion of ambrosia
 n - a potion of invisibility {unknown}
 r - 3 potions of brilliance {unknown}
 t - 3 potions of flight {unknown}
 u - 2 potions of curing {unknown}
 v - a potion of resistance {unknown}
Comestibles
 f - 3 rations
 m - 2 chunks of flesh


   Skills:
 + Level 4.6 Fighting
 * Level 5.0 Axes
 - Level 2.6 Armour
 + Level 4.1 Shields


You had 5 spell levels left.
You didn't know any spells.
Your spell library was empty.

Dungeon Overview and Level Annotations

Branches:
Dungeon (4/15)              Sewer (visited)
 Temple: D:4-7

Altars:
Fedhas
Xom


Innate Abilities, Weirdness & Mutations

You have a pair of small horns on your head.
You sometimes gain a little power by taking damage.
Your movements are slightly less encumbered by armour. (ER -2)


Message History

The leopard gecko bites you but does no damage.
The leopard gecko completely misses you.
Your shield prevents you from hitting the ogre.
The ogre is severely wounded.
You closely miss the leopard gecko. You hit the leopard gecko.
You block the leopard gecko's attack.
The ogre hits you with a +0 giant club!!
* * * LOW HITPOINT WARNING * * *
You block the leopard gecko's attack. The leopard gecko closely misses you.
You hit the ogre. You headbutt the ogre.
The ogre is almost dead.
Your plate armour prevents you from hitting the leopard gecko.
You hit the leopard gecko.
You kill the leopard gecko!
You block the leopard gecko's attack. The ogre hits you but does no damage.
The leopard gecko bites you but does no damage.
Some of the chunks of flesh in your inventory have rotted away.
You block the leopard gecko's attack. The ogre hits you with a +0 giant club.
You die...

....## ##.... ####...##.##
#.......!... #...# #.#.#
##l#.# ###O.#.. # ###.@.##.##
... ###.#####...####.# .≈≈≈≈≈
............# #.# .≈≈≈≈≈
####......## #.# .≈≈##
#....###..[# #.##.≈≈#
#.####÷#### ##..###....≈≈##.
#......#######.........≈≈#..
####......##......#.....≈≈###.
# #.####.#..#######..#.≈≈..# #


You could see an ogre and a leopard gecko.

Vanquished Creatures
  Sigmund (D:2)
  A big kobold (Sewer)
  A worker ant (D:4)
  Terence (D:2)
  8 adders
  3 gnolls
  A river rat (Sewer)
  6 worms
  3 dart slugs
  2 leopard geckos
  4 bats
  8 giant cockroaches
  5 goblins
  6 hobgoblins
  12 kobolds
  A quokka (D:2)
  7 ball pythons
  6 frilled lizards
  14 rats
90 creatures vanquished.

Notes
Turn   | Place    | Note
-------+----------+-------------------------------------------
     0 | D:1      | sking99 the Demonspawn Fighter began the quest for the Orb.
     0 | D:1      | Reached XP level 1. HP: 18/18 MP: 1/1
    25 | D:1      | Reached skill level 2 in Axes
   240 | D:1      | Gained mutation: Your movements are slightly less
                  | encumbered by armour. (ER -2) [demonic ancestry]
   240 | D:1      | Reached XP level 2. HP: 19/24 MP: 2/2
   882 | D:2      | Reached XP level 3. HP: 29/29 MP: 3/3
   967 | D:2      | Reached skill level 3 in Axes
  1123 | D:2      | Gained mutation: You sometimes gain a little power by
                  | taking damage. [demonic ancestry]
  1123 | D:2      | Reached XP level 4. HP: 34/35 MP: 4/4
  1182 | D:2      | Noticed Sigmund
  1227 | D:2      | Killed Sigmund
  1227 | D:2      | Reached skill level 4 in Axes
  1227 | D:2      | Reached XP level 5. HP: 8/42 MP: 5/5
  1492 | D:2      | Noticed Terence
  1495 | D:2      | Killed Terence
  1495 | D:2      | Gained mutation: You have a pair of small horns on your
                  | head. [demonic ancestry]
  1495 | D:2      | Reached XP level 6. HP: 48/48 MP: 6/6
  1848 | D:2      | Found a blossoming altar of Fedhas.
  2684 | D:3      | Found a shimmering altar of Xom.
  2936 | D:4      | Found a glowing drain.
  2981 | Sewer    | Entered a sewer
  3542 | D:4      | Reached skill level 5 in Axes
  3571 | D:4      | HP: 2/49 [ogre/+0 giant club (20)]
  3577 | D:4      | Slain by an ogre

Illustrated notes

Levels and vault maps discovered:
D:1:      saegor_arrival_miasma, layout_rooms, minmay_pentomino_q4
D:2:      layout_loops_ring, fedhas_altar_4, minmay_fountain_box,
          hangedman_feature_mirror, chequers_serial_rivers_room_b, uniq_terence,
          uniq_sigmund
D:3:      layout_loops_corners, marbit_many_paths, serial_glass,
          glass_columns_a, glass_columns_a, glass_columns_c, glass_columns_a,
          glass_columns_a, glass_columns_c
D:4:      layout_rooms, portal_sewer_entry_a, first_ration,
          gammafunk_ghost_gnarly_gnolls, serial_shops, shop_statue

Skill      XL: |  1  2  3  4  5  6 |
---------------+-------------------+-----
Axes           | 2 3 4 5 |  5.0
Shields        | 3 4 |  4.1
Fighting       | 4 |  4.6
Armour         | |  2.6

Action                   |  1- 3 |  4- 6 || total
-------------------------+-------+-------++-------
Melee: War axe           |   110 |   179 ||   289
       Headbutt          |       |    31 ||    31
  Use: Scroll            |       |     7 ||     7
  Eat: Chunk             |     1 |     8 ||     9
Armor: Scale mail        |    18 |       ||    18
       Plate armour      |    61 |    94 ||   155
Dodge: Dodged            |    17 |    27 ||    44
Block: Kite shield       |    59 |    79 ||   138
